Match 45200888
Unlisted

Match 45200888
End
Kradschützen Motorcycle Team
Panzerpioneer Squad
Panzergrenadier Squad
Panzergrenadier Squad
Construct Light Support Kompanie
Fire Support Elements
Flakvierling Half-track
Vehicle Survival Package
Panzerjäger Mechanized Group
Selects Battlefield Espionage Battlegroup
Selects Sector Subterfuge Beacon
Construct Panzerarmee Kommand
Selects Transfer Depots
Panzer III L Medium Tank
Selects 250/3 Funkpanzerwagen
Emergency Repair Kits
2.5-tonne Medical Truck
Selects Advanced Ambush Training
Assault Mechanized Group
Forward Retreat Point
Construct Mechanized Kompanie
Selects Firestorm
18-tonne Recovery Half-track
ValiantHawk
Starsilver
jiro
NachoMz_HQ YT
[EL] Brother Captain Specmarine
BlackJackKing
Dumpster Bob
PlammX
0
0

Comments sign in to comment!

No comments posted yet!